 Dungeon Crawl Stone Soup version 0.25-b1-50-g7b83aa7 (webtiles) character file.

Game seed: 17542515651160442114

108322 Brutalitops the Champion of Chaos (level 16, -5/147 HPs)
             Began as a Deep Dwarf Gladiator on June 12, 2020.
             Was the Champion of Makhleb.
             Slain by an entropy weaver (8 damage)
             ... on level 4 of the Lair of Beasts.
             The game lasted 01:44:01 (19372 turns).

Brutalitops the Champion of Chaos (DDGl)           Turns: 19372, Time: 01:44:02

Health: -5/147     AC: -4    Str: 25    XL:     16   Next: 2%
Magic:  26/26      EV: 17    Int:  9    God:    Makhleb [******]
Gold:   636        SH: 15    Dex: 14    Spells: 15/15 levels left

rFire    . . .     SeeInvis .   a - +4 whip (elec)
rCold    . . .     Gourm    .   s - +2 kite shield {AC+3}
rNeg     + . .     Faith    .   E - +0 acid dragon scales
rPois    +         Spirit   .   g - +0 helmet
rElec    .         Reflect  .   K - +2 cloak {Stlth+}
rCorr    +         Harm     .   U - +0 pair of gloves
MR       ++...                  i - +0 pair of boots
Stlth    ++........             (no amulet)
HPRegen  0.00/turn              t - ring of poison resistance
MPRegen  0.20/turn              o - +4 ring of slaying

@: corroded, non-regenerating
A: damage resistance, heal wounds, repulsion field 1, negative energy resistance
1, sense surroundings 2, sturdy frame 1, no regeneration
a: Heal Wounds, Minor Destruction, Lesser Servant of Makhleb, Major Destruction,
Greater Servant of Makhleb, Renounce Religion


You were on level 4 of the Lair of Beasts.
You worshipped Makhleb.
Makhleb was exalted by your worship.
You were not hungry.

You visited 6 branches of the dungeon, and saw 22 of its levels.
You visited the Abyss 1 time.
You also visited: Ossuary.

You collected 2365 gold pieces.
You spent 1729 gold pieces at shops.

Inventory:

Hand Weapons
 a - a +4 whip of electrocution (weapon)
 b - a +5 hunting sling
 p - a cursed +3 battleaxe
 L - a +2 flail of distortion
Missiles
 c - 369 stones (quivered)
 d - 6 throwing nets
 j - 69 bolts
Armour
 g - a +0 helmet (worn)
 i - a +0 pair of boots (worn)
 q - a +5 kite shield
 s - a +2 kite shield of protection (worn)
 B - the +1 scale mail of the Stag {-Tele Str+3 Slay+3}
   (You bought it in a shop on level 2 of the Orcish Mines)

   It affects your strength (+3).
   It affects your accuracy and damage with ranged weapons and melee attacks
   (+3).
   It prevents most forms of teleportation.
 E - +0 acid dragon scales (worn)
 K - a +2 cloak of stealth (worn)
 N - a +1 plate armour of cold resistance
 U - a +0 pair of gloves (worn)
 V - a +1 chain mail of fire resistance
 W - the +2 ring mail "Uxusoy" {MR+ Int+6 Stlth+}
   (You bought it in a shop on level 2 of the Orcish Mines)

   It affects your intelligence (+6).
   It affects your resistance to hostile enchantments.
   It makes you more stealthy.
Jewellery
 h - an uncursed ring of see invisible
 o - a +4 ring of slaying (right hand)
 t - a ring of poison resistance (left hand)
 z - an uncursed ring of fire
 A - a +4 ring of evasion
 M - a +6 ring of dexterity
 Q - an uncursed ring of protection from cold
Wands
 r - a wand of polymorph (16)
 y - a wand of random effects (16)
 C - a wand of acid (15)
 D - a wand of flame (34)
 F - a wand of digging (5)
 O - a wand of disintegration (17)
 P - a wand of iceblast (9)
Scrolls
 l - 3 scrolls of remove curse
 n - 4 scrolls of teleportation
 w - 6 scrolls of identify
 G - 4 scrolls of amnesia
 H - 2 scrolls of magic mapping
Potions
 e - 3 potions of might
 k - 4 potions of curing
 m - 3 potions of cancellation
 u - 6 potions of flight
 v - 3 potions of brilliance
 x - a potion of heal wounds
 I - a potion of stabbing
 R - a potion of haste
 S - 2 potions of ambrosia
 T - 2 potions of mutation
 Y - a potion of magic
Comestibles
 f - 46 rations


   Skills:
 + Level 10.4 Fighting
 + Level 12.1 Maces & Flails
 + Level 13.0(13.1) Slings
 + Level 1.9(7.4) Throwing
 + Level 9.8 Armour
 + Level 6.8 Dodging
 + Level 1.8 Stealth
 + Level 11.8 Shields
 * Level 16.6 Invocations


You had 15 spell levels left.
You didn't know any spells.
Your spell library contained the following spells:

 Spells                   Type           Power        Failure   Level  Hunger
 Animate Skeleton         Necr           N/A          54%         1    ##.....
 Apportation              Tloc           #.....       54%         1    ##.....
 Beastly Appendage        Tmut           #.....       54%         1    ##.....
 Corona                   Hex            #......      54%         1    ##.....
 Magic Dart               Conj           #...         54%         1    ##.....
 Summon Small Mammal      Summ           #...         54%         1    ##.....
 Blink                    Tloc           N/A          69%         2    ###....
 Call Imp                 Summ           #.......     69%         2    ###....
 Slow                     Hex            #.......     69%         2    ###....
 Sticks to Snakes         Tmut           #.......     69%         2    ###....
 Call Canine Familiar     Summ           #.......     89%         3    ####...
 Conjure Flame            Conj/Fire      #.......     89%         3    ####...
 Mephitic Cloud           Conj/Pois/Air  #.......     89%         3    ####...
 Spider Form              Tmut/Pois      #.........   89%         3    ####...
 Summon Guardian Golem    Hex/Summ       #.......     89%         3    ####...
 Ice Form                 Ice/Tmut       #.......     100%        4    #####..
 Summon Ice Beast         Ice/Summ       #.......     100%        4    #####..
 Summon Lightning Spire   Summ/Air       #.......     100%        4    #####..
 Blade Hands              Tmut           #.........   100%        5    ######.
 Irradiate                Conj/Tmut      #.........   100%        5    ######.
 Hydra Form               Tmut           #.........   100%        6    #######
 Statue Form              Tmut/Erth      #........    100%        6    #######
 Dragon Form              Tmut           #.........   100%        7    #######


Dungeon Overview and Level Annotations

Branches:
Dungeon (11/15)            Temple (1/1) D:4            Lair (6/6) D:9
  Swamp (1/4) Lair:3       Spider (1/4) Lair:4        Slime (0/5) Lair:6
    Orc (2/2) D:11            Elf (0/3) Orc:2       Ossuary (visited)

Altars:
Ashenzari
Cheibriados
Dithmenos
Elyvilon
Fedhas
Hepliaklqana
Kikubaaqudgha
Makhleb
Okawaru
Qazlal
Ru
Trog
Uskayaw
Vehumet
Wu Jian
Xom
Zin
The Shining One
Beogh
Jiyva

Shops:
D:5 *}   Orc:2 %[([

Portals:
Hell: Lair:6

Annotations:
D:5 2 runed translucent doors, Brutalitops's ghost, novice OgFi
Swamp:1 Louise


Innate Abilities, Weirdness & Mutations

You are resistant to damage.
You can heal yourself by infusing magical energy.
You resist negative energy. (rN+)
You passively map the area around you.
You do not regenerate.
You are surrounded by a mild repulsion field. (EV +2)
Your movements are slightly less encumbered by armour. (ER -2)


Message History

You feel better. The entropy weaver hits you!
* * * LOW HITPOINT WARNING * * *
The entropy weaver hits you!
* * * LOW HITPOINT WARNING * * *
You block the entropy weaver's attack.
The entropy weaver completely misses you.
The entropy weaver mumbles some strange words.
The entropic weave corrodes you!
The entropy weaver mumbles some strange words.
The entropic weave corrodes you!
All of the chunks of flesh in your inventory have rotted away.
The entropy weaver mumbles some strange words.
The entropy weaver gestures wildly while chanting.
The entropic weave corrodes you!
Okay, then.
The entropy weaver hits you!
* * * LOW HITPOINT WARNING * * *
The entropy weaver hits you!
You die...

#.8...8.#..#####.#.........#P.#
#.......^#....##.........P....#
###...8...#......................
##.........#....#................
.....#.#......#.#....##.#.#......
....##.##...........#..#.#.......
8...#####...##........>.......###
.#.#.####....#.......P..#.....# #
.............#.#@a.....#.....##
.........#...........###......#
.#.#....###...#..P#P## #....###
#.##....##..<.#.##### #...##
..##..#####.....## ##.## .....P#
#...#...# ### #....## #......##
###...# ##..#..# ###.# #.##..##


You could see an entropy weaver.

Vanquished Creatures
  Saint Roka (Orc:2)
  Gastronok (D:11)
  An entropy weaver (Lair:4)
  A dire elephant (Lair:6)
  Harold (D:7)
  3 hydras
  Erolcha (Orc:2)
  A centaur warrior (D:9)
  9 death yaks
  20 two-headed ogres
  4 ogre magi (Orc:2)
  Nergalle (D:10)
  A deep elf knight (D:8)
  A sixfirhy (Lair:6)
  A wizard (Lair:6)
  A deep elf archer (D:8)
  An orb spider (Spider:1)
  Pikel (D:7)
  2 orc sorcerers
  A cyclops (D:11)
  A deep elf mage (D:8)
  2 wolf spiders (Spider:1)
  3 black mambas
  A torpor snail (Lair:6)
  16 elephants
  A smoke demon (Lair:6)
  2 orange demons (Lair:6)
  A kobold demonologist (D:9)
  Maggie (D:8)
  9 spiny frogs
  7 rime drakes
  An ice devil (Lair:6)
  2 komodo dragons
  2 demonic crawlers (Lair:4)
  2 red devils (Lair:6)
  5 trolls
  3 jumping spiders (Spider:1)
  2 polar bears (Lair:5)
  19 blink frogs
  9 dream sheep
  2 bog bodies (Lair:3)
  6 hippogriffs
  A shadow (D:9)
  3 wyverns
  7 redbacks
  3 tarantellas (Spider:1)
  54 yaks
  2 hungry ghosts
  4 basilisks
  Grum (D:8)
  Menkaure (D:4)
  5 wargs
  5 hell hounds (Lair:6)
  5 porcupines
  8 water moccasins
  4 ice beasts
  2 sky beasts
  34 ogres
  18 orc warriors
  5 phantoms
  6 centaurs
  32 wolves
  17 crocodiles
  2 big kobolds
  14 bullfrogs
  10 scorpions (Ossuary)
  6 killer bees (D:10)
  3 wights (D:6)
  2 howler monkeys
  4 crimson imps
  6 human zombies (Ossuary)
  A quasit (D:8)
  2 centaur zombies
  5 jellies
  11 orc priests
  A bullfrog skeleton (D:7)
  7 hounds
  13 orc wizards
  3 centaur skeletons
  2 iguanas (D:7)
  A hell rat (Lair:6)
  12 worker ants
  2 big kobold zombies (Ossuary)
  A hound zombie (D:11)
  2 hound skeletons
  3 mummies (Ossuary)
  A howler monkey zombie (D:6)
  A worker ant zombie (D:8)
  7 gnolls
  13 adders
  4 scorpion zombies (Ossuary)
  4 shadow imps
  An ooze (D:1)
  An adder zombie (D:9)
  2 adder skeletons
  A worm (shapeshifter) (D:9)
  4 worms
  5 dart slugs
  10 leopard geckos
  77 orcs
  3 bats
  8 giant cockroaches
  10 goblins
  12 hobgoblins
  14 jackals
  2 quokkas
  4 ball pythons
  2 frilled lizards
  2 hobgoblin zombies (Ossuary)
  12 kobolds
  2 kobold zombies (Ossuary)
  A leopard gecko skeleton (D:5)
  7 rats
690 creatures vanquished.

Vanquished Creatures (others)
  A bullfrog zombie (D:6)
  A centaur zombie (Ossuary)
  An orc (D:6)
  10 fungi
  2 plants (Lair:6)
15 creatures vanquished.

Grand Total: 705 creatures vanquished

Notes
Turn   | Place    | Note
-------+----------+-------------------------------------------
     0 | D:1      | Brutalitops the Deep Dwarf Gladiator began the quest for
                  | the Orb.
     0 | D:1      | Reached XP level 1. HP: 19/19 MP: 1/1
   172 | D:1      | Reached XP level 2. HP: 26/26 MP: 2/2
   507 | D:1      | Reached XP level 3. HP: 18/32 MP: 3/3
   877 | D:2      | Found a sacrificial altar of Ru.
   878 | D:2      | Found a stormy altar of Qazlal.
   887 | D:2      | Found a hazy altar of Hepliaklqana.
  1363 | D:3      | Found an ancient bone altar of Kikubaaqudgha.
  1432 | D:3      | Reached skill level 1 in Armour
  1435 | D:3      | Reached XP level 4. HP: 37/39 MP: 4/4
  1997 | D:3      | Reached XP level 5. HP: 27/45 MP: 5/5
  2118 | D:4      | Reached skill level 1 in Slings
  2236 | D:4      | Noticed Menkaure
  2336 | D:4      | Noticed a phantom
  2362 | D:4      | Killed a phantom
  2362 | D:4      | Reached XP level 6. HP: 17/55 MP: 6/6
  2420 | D:4      | Reached skill level 5 in Maces & Flails
  2524 | D:4      | Found a staircase to the Ecumenical Temple.
  2531 | Temple   | Entered the Ecumenical Temple
  2654 | Temple   | Became a worshipper of Makhleb the Destroyer
  2706 | D:4      | Killed Menkaure
  2788 | D:4      | Reached skill level 1 in Shields
  2788 | D:4      | Reached XP level 7. HP: 31/62 MP: 6/6
  3006 | D:5      | Entered Level 5 of the Dungeon
  3007 | D:5      | Found a hide-covered altar of Uskayaw.
  3095 | D:5      | Found Ytadd's Gadget Shoppe.
  3124 | D:5      | Found a large runed translucent door.
  3124 | D:5      | Found a large runed translucent door.
  3150 | D:5      | Noticed Brutalitops's ghost (novice OgFi)
  3222 | D:5      | Found a shimmering altar of Xom.
  3271 | D:5      | Found a glowing silver altar of Zin.
  3301 | D:5      | Found Xoedghoge's Serpentskin Sales.
  3309 | D:5      | Reached skill level 5 in Slings
  3427 | D:5      | Found a glowing golden altar of the Shining One.
  3668 | D:6      | Reached XP level 8. HP: 53/69 MP: 6/6
  3671 | D:6      | Reached * piety under Makhleb
  3909 | D:6      | Found a shadowy altar of Dithmenos.
  3925 | D:6      | Reached skill level 1 in Invocations
  4043 | D:6      | Reached skill level 2 in Invocations
  4065 | D:6      | Found a sand-covered staircase.
  4087 | Ossuary  | Entered an ossuary
  4298 | Ossuary  | Reached skill level 3 in Invocations
  4371 | Ossuary  | Reached ** piety under Makhleb
  4473 | Ossuary  | Gained mutation: You passively map the area around you.
                  | [Deep Dwarf growth]
  4473 | Ossuary  | Reached XP level 9. HP: 49/79 MP: 9/9
  4565 | Ossuary  | Reached skill level 4 in Invocations
  4606 | Ossuary  | Gained mutation: You are surrounded by a mild repulsion
                  | field. (EV +2) [potion of mutation]
  4606 | Ossuary  | Gained mutation: Your movements are slightly less
                  | encumbered by armour. (ER -2) [potion of mutation]
  4926 | D:6      | Reached skill level 1 in Stealth
  5551 | D:7      | Reached *** piety under Makhleb
  5630 | D:7      | Noticed Pikel
  5653 | D:7      | Killed Pikel
  5653 | D:7      | Reached skill level 5 in Fighting
  5653 | D:7      | Reached skill level 5 in Invocations
  6158 | D:7      | Found an ornate altar of the Wu Jian Council.
  6253 | D:7      | Reached skill level 6 in Invocations
  6451 | D:8      | Reached XP level 10. HP: 88/88 MP: 12/12
  6508 | D:8      | Reached skill level 5 in Dodging
  6611 | D:8      | Noticed Maggie
  6670 | D:8      | Noticed Harold
  6704 | D:7      | Killed Harold
  6704 | D:7      | Reached skill level 5 in Armour
  6704 | D:7      | Reached skill level 7 in Invocations
  6781 | D:8      | Reached **** piety under Makhleb
  6855 | D:8      | Killed Maggie
  6974 | D:8      | Noticed Grum
  6994 | D:8      | Killed Grum
  7308 | D:8      | Noticed a deep elf mage
  7309 | D:8      | Found a blossoming altar of Fedhas.
  7319 | D:8      | Killed a deep elf mage
  7319 | D:8      | Reached skill level 5 in Shields
  7319 | D:8      | Reached skill level 8 in Invocations
  7326 | D:8      | Found a shimmering altar of Xom.
  7328 | D:8      | Noticed a deep elf archer
  7330 | D:8      | Noticed a deep elf knight
  7366 | D:8      | Killed a deep elf knight
  7390 | D:8      | Killed a deep elf archer
  7390 | D:8      | Reached XP level 11. HP: 53/97 MP: 15/15
  7550 | D:9      | Found a white marble altar of Elyvilon.
  7689 | D:9      | Noticed a centaur warrior
  7715 | D:9      | Killed a centaur warrior
  7758 | D:9      | Reached skill level 9 in Invocations
  7862 | D:9      | Found a staircase to the Lair.
  7884 | D:9      | Reached skill level 10 in Slings
  7989 | D:9      | Noticed a sixfirhy
  8394 | Lair:1   | Entered Level 1 of the Lair of Beasts
  8456 | Lair:1   | Reached ***** piety under Makhleb
  8620 | Lair:1   | Noticed a seven-headed hydra
  8629 | Lair:1   | Killed a seven-headed hydra
  9405 | Lair:2   | Reached skill level 10 in Invocations
  9420 | Lair:2   | Reached XP level 12. HP: 106/106 MP: 17/17
 10247 | Lair:3   | Reached skill level 10 in Maces & Flails
 10248 | Lair:3   | Found a staircase to the Swamp.
 10319 | Lair:3   | Found a shimmering altar of Xom.
 10341 | Lair:3   | Noticed a death yak
 10342 | Lair:3   | Noticed a death yak
 10342 | Lair:3   | Noticed a death yak
 10343 | Lair:3   | Noticed a death yak
 10362 | Lair:3   | Noticed a death yak
 10415 | Lair:3   | Killed a death yak
 10415 | Lair:3   | Reached skill level 11 in Invocations
 10418 | Lair:3   | Noticed a death yak
 10663 | Lair:3   | Killed a death yak
 10679 | Lair:3   | Killed a death yak
 10688 | Lair:3   | Killed a death yak
 10906 | Lair:3   | Killed a death yak
 10923 | Lair:3   | Killed a death yak
 11266 | Lair:4   | Noticed a four-headed hydra
 11274 | Lair:4   | Killed a four-headed hydra
 11351 | Lair:4   | Noticed a death yak
 11351 | Lair:4   | Noticed a death yak
 11359 | Lair:4   | Noticed a death yak
 11365 | Lair:4   | Killed a death yak
 11365 | Lair:4   | Reached XP level 13. HP: 117/117 MP: 19/19
 11461 | Lair:4   | Found a hole to the Spider Nest.
 11523 | Lair:4   | Reached skill level 12 in Invocations
 11927 | Lair:4   | Reached skill level 14 in Invocations
 11927 | Lair:4   | Gained mutation: You resist negative energy. (rN+) [Deep
                  | Dwarf growth]
 11927 | Lair:4   | Reached XP level 14. HP: 126/126 MP: 20/22
 12928 | Lair:6   | Entered Level 6 of the Lair of Beasts
 12998 | Lair:5   | Reached ****** piety under Makhleb
 13291 | Lair:6   | Reached skill level 15 in Invocations
 13393 | Lair:6   | Found a viscous altar of Jiyva.
 13605 | Lair:6   | Reached skill level 10 in Shields
 13775 | Lair:6   | Found a staircase to the Slime Pits.
 13970 | Lair:6   | Found a burning altar of Makhleb.
 13984 | Lair:6   | Found a gateway to Hell.
 14819 | D:10     | Entered Level 10 of the Dungeon
 14876 | D:10     | Noticed Nergalle
 14932 | D:10     | Killed Nergalle
 14932 | D:10     | Reached XP level 15. HP: 129/135 MP: 24/24
 15159 | D:10     | Upgraded the game from 0.25-b1-46-gb8a1ec0 to
                  | 0.25-b1-50-g7b83aa7
 15683 | D:11     | Noticed Gastronok
 15699 | D:11     | Killed Gastronok
 16089 | D:11     | Found a staircase to the Orcish Mines.
 16539 | Orc:1    | Entered Level 1 of the Orcish Mines
 16911 | Orc:1    | Found a roughly hewn altar of Beogh.
 17190 | Orc:2    | Entered Level 2 of the Orcish Mines
 17468 | Orc:2    | Noticed Erolcha
 17480 | Orc:2    | Killed Erolcha
 17480 | Orc:2    | Reached skill level 16 in Invocations
 17557 | Orc:2    | Noticed Saint Roka
 17775 | Orc:2    | Reached skill level 10 in Fighting
 17934 | Orc:2    | Found Qubaelow's Weapon Shop.
 17959 | Orc:2    | Found Eloochall's Antique Armour Shoppe.
 17959 | Orc:2    | Found Soohym's Armour Shop.
 17959 | Orc:2    | Found Ynnisinto's Food Emporium.
 18102 | Orc:2    | Found a staircase to the Elven Halls.
 18183 | Orc:2    | Killed Saint Roka
 18562 | Orc:2    | Bought a shiny plate armour for 624 gold pieces
 18562 | Orc:2    | Bought a dazzling ring mail for 216 gold pieces
 18563 | Orc:2    | Identified the +2 ring mail "Uxusoy" {MR+ Int+6 Stlth+}
                  | (You bought it in a shop on level 2 of the Orcish Mines)
 18569 | Orc:2    | Bought a +2 kite shield of protection for 301 gold pieces
 18569 | Orc:2    | Bought the cursed +1 scale mail of the Stag {-Tele Str+3
                  | Slay+3} for 368 gold pieces
 18772 | D:5      | Bought an uncursed ring of poison resistance for 220 gold
                  | pieces
 18974 | Swamp:1  | Entered Level 1 of the Swamp
 18974 | Swamp:1  | Noticed Louise
 18983 | Swamp:1  | Cast into level 2 of the Abyss (Louise)
 19012 | Swamp:1  | Escaped the Abyss
 19050 | Spider:1 | Entered Level 1 of the Spider Nest
 19327 | Lair:4   | Reached XP level 16. HP: 109/147 MP: 26/26
 19372 | Lair:4   | HP: 3/147 [entropy weaver (8)]
 19372 | Lair:4   | Slain by an entropy weaver

Illustrated notes

Levels and vault maps discovered:
D:1:      shiori_arrival_oz, layout_basic
D:2:      layout_rooms, grunt_temple_overflow_open
D:3:      layout_loops_cross, lemuel_crystal_altar, kennysheep_crisscross,
          minmay_quantized
D:4:      layout_basic, temple_green, first_ration, minmay_misc_feat_plants,
          uniq_menkaure
D:5:      layout_rooms, xom_butterflies, old_standard_altar, zin_treasury,
          nicolae_overflow_hidden_temple, serial_shops, nicolae_shop_stone,
          ebering_ghost_disaster_area, guppyfry_shop_venom
D:6:      layout_loops_ring, nicolae_ossuary_entry_monument, basic_altar,
          lemuel_old_faithful
D:7:      layout_loops_corners, lemuel_coloured_pillars_altar, uniq_pikel
D:8:      layout_cave_pools, jmf_multi_god_temple, uniq_grum, uniq_maggie,
          uniq_harold
D:9:      minmay_blocky_corners, layout_long_grid, david_lair_generic,
          basic_altar
D:10:     layout_basic, uniq_nergalle
D:11:     layout_roguey, erik_orc_3, uniq_gastronok
Temple:   nicolae_temple_figure_eight
Lair:1:   layout_loops_ring
Lair:2:   layout_gridlike
Lair:3:   layout_small_grid, skrybe_swamp_entry_bodies, serial_rivers,
          chequers_serial_rivers_micro_e, chequers_serial_rivers_micro_b,
          chequers_serial_rivers_micro_c, chequers_serial_rivers_small_a,
          chequers_serial_rivers_small_a, basic_altar, beast_lair_carwin_1
Lair:4:   layout_misc_corridors, nicolae_spider_entry_non_spiders,
          serial_bayou_shore_b, grunt_megastairs_4
Lair:5:   layout_layer_cave, lemuel_fruit_tree
Lair:6:   evil_forest, layout_regular_city, slime_altar_1
Swamp:1:  layout_basic_swamp, evilmike_swamp_ruin_rubble_1, swamp_pool1,
          uniq_jorgrun, uniq_louise
Spider:1: layout_spider_delve, drop_trap, uniq_asterion
Orc:1:    layout_caves, basic_altar
Orc:2:    st_orc_ogre_mass, layout_diamond_mine, uniq_saint_roka, uniq_erolcha

Skill      XL: |  1  2  3  4  5  6  7  8  9 10 11 12 13 14 15 |
---------------+----------------------------------------------+-----
Dodging        | 4 5 6 |  6.8
Maces & Flails | 4 5 6 7 8 9 10 11 12 | 12.1
Armour         | 1 2 3 4 5 6 7 8 9 |  9.8
Fighting       | 2 3 4 5 6 7 8 9 10 | 10.4
Slings         | 2 3 5 6 8 9 11 12 13 | 13.0
Shields        | 1 2 3 5 6 8 10 11 | 11.8
Invocations    | 3 6 8 10 11 14 15 16 | 16.6
Stealth        | 1 |  1.8
Throwing       | |  1.9

Action                   |  1- 3 |  4- 6 |  7- 9 | 10-12 | 13-15 | 16-18 || total
-------------------------+-------+-------+-------+-------+-------+-------++-------
Melee: Flail             |   115 |    82 |   325 |       |       |       ||   522
       Whip              |       |       |    49 |   629 |   980 |    22 ||  1680
 Fire: Hunting sling     |     9 |    64 |   238 |   271 |   658 |       ||  1240
 Abil: Heal Wounds       |       |     1 |     4 |       |     1 |       ||     6
Evoke: Wand              |       |       |       |       |     1 |       ||     1
  Use: Scroll            |     6 |     1 |    12 |     6 |    21 |       ||    46
       Potion            |     1 |       |     5 |     2 |     4 |       ||    12
  Eat: Chunk             |     2 |     4 |     8 |    15 |    18 |       ||    47
       Ration            |       |       |     1 |     1 |     2 |       ||     4
Armor: Leather armour    |     2 |       |       |       |       |       ||     2
       Ring mail         |    24 |       |       |       |       |       ||    24
       Scale mail        |     9 |    31 |    55 |       |    17 |       ||   112
       Plate armour      |       |       |    43 |   197 |   163 |       ||   403
       Acid dragon scale |       |       |       |       |     4 |     2 ||     6
Dodge: Dodged            |    61 |    52 |    95 |   219 |   296 |    13 ||   736
Block: Kite shield       |       |    16 |   133 |   369 |   733 |    18 ||  1269
